 Dungeon Crawl Stone Soup version 0.21.1-1-g345015f (webtiles) character file.

1182 inc the Magician (level 8, -2/46 HPs)
             Began as an Octopode Ice Elementalist on Apr 21, 2018.
             Was an Initiate of Gozag.
             Slain by an ogre
             ... wielding a +0 giant club
              (24 damage)
             ... on level 7 of the Dungeon.
             The game lasted 00:14:17 (7808 turns).

inc the Magician (Octopode Ice Elementalist)        Turns: 7808, Time: 00:14:18

Health: -2/46      AC: 10    Str:  7    XL:     8   Next: 42%
Magic:  11/17      EV: 13    Int: 20    God:    Gozag
Gold:   207        SH:  5    Dex: 12    Spells: 8/20 levels left

rFire    . . .     SeeInvis .   r - +0 flail (venom)
rCold    . . .     Gourm    +   s - +0 buckler
rNeg     . . .     Faith    .   (helmet restricted)
rPois    .         Spirit   .   h - amulet of the gourmand
rElec    .         Reflect  .   d - ring of wizardry
rCorr    .         Harm     .   q - +3 ring of protection
MR       .....                  (no ring)
Stlth    +++.......             (no ring)
HPRegen  0.15/turn              (no ring)
MPRegen  0.15/turn              (no ring)
                                (no ring)
                                (no ring)

@: icy armour, slow
A: almost no armour, stealthy swim, amphibious, 8 rings, constrict 8, camouflage
1, gelatinous body 1
a: Potion Petition, Call Merchant, Bribe Branch, Renounce Religion


You were on level 7 of the Dungeon.
You worshipped Gozag.
Gozag was aware of your devotion.
You were full.

You visited 2 branches of the dungeon, and saw 8 of its levels.

You collected 297 gold pieces.
You paid 90 gold pieces to Gozag.

Inventory:

Hand Weapons
 f - a +0 mace of crushing
 r - a +0 flail of venom (weapon)
 w - a +3 great sword of venom
Armour
 s - a +0 buckler (worn)
Jewellery
 d - a ring of wizardry (left tentacle)
 h - an amulet of the gourmand (around mantle)
 q - a +3 ring of protection (right tentacle)
Wands
 l - a wand of flame (28)
 u - a wand of clouds (6)
Scrolls
 c - 4 scrolls of remove curse
 g - a scroll of noise
 i - 4 scrolls of enchant armour {unknown}
 n - a scroll of magic mapping
 p - 2 scrolls of enchant weapon
 t - 2 scrolls of fear {unknown}
 x - 3 scrolls of identify
Potions
 e - 5 potions of curing
 j - 2 potions of resistance
 k - 2 potions of brilliance
 m - 2 potions of flight
 o - a potion of mutation
 v - 2 potions of cancellation
Books
 a - a book of Frost

   Spells                             Type                      Level
   a - Freeze                         Ice                          1
   b - Throw Frost                    Conjuration/Ice              2
   c - Ozocubu's Armour               Charms/Ice                   3
   d - Throw Icicle                   Conjuration/Ice              4
   e - Summon Ice Beast               Ice/Summoning                4
Comestibles
 b - 8 rations


   Skills:
 - Level 2.0 Dodging
 - Level 2.6 Stealth
 - Level 4.0 Shields
 + Level 6.6 Spellcasting
 - Level 1.0 Conjurations
 - Level 6.1 Ice Magic


You had 8 spell levels left.
You knew the following spells:

 Your Spells              Type           Power        Failure   Level  Hunger
a - Freeze                Ice            ####         1%          1    None
b - Throw Icicle          Conj/Ice       ###.....     9%          4    ###....
c - Ozocubu's Armour      Chrm/Ice       ###.....     3%          3    #......
d - Summon Ice Beast      Ice/Summ       ###.....     11%         4    ###....


Dungeon Overview and Level Annotations

Branches:
Dungeon (7/15)             Temple (1/1) D:5

Altars:
Ashenzari
Cheibriados
Dithmenos
Elyvilon
Fedhas
Gozag
Hepliaklqana
Kikubaaqudgha
Makhleb
Okawaru
Qazlal
Ru
Sif Muna
Trog
Uskayaw
Vehumet
Wu Jian
Xom
Yredelemnul
Zin
The Shining One

Shops:
D:6 %

Annotations:
D:4 AdmiralAndromeda's ghost, novice BaCj


Innate Abilities, Weirdness & Mutations

You cannot wear most types of armour.
You are very stealthy in the water. (Stealth+)
You are amphibious.
You can wear up to eight rings at the same time.
You can use your tentacles to constrict eight enemies at once.
Your skin changes colour to match your surroundings (Stealth+).
Your rubbery body absorbs attacks. (AC +1, EV +1)


Message History

You block the ogre's attack.
Casting: Freeze
Confirm with . or Enter, or press ? or * to list all spells.
Aiming: Freeze
Press: ? - help, Shift-Dir - straight line, f/p - ogre
Aim: an ogre, wielding a giant club (lightly wounded)
You freeze the ogre.
The ogre is heavily wounded.
The ogre hits you with a giant club!
Casting: Freeze
Confirm with . or Enter, or press ? or * to list all spells.
Aiming: Freeze
Press: ? - help, Shift-Dir - straight line, f/p - ogre
Aim: an ogre, wielding a giant club (heavily wounded)
You freeze the ogre.
The ogre is heavily wounded.
The ogre hits you with a giant club!!
Ouch! That really hurt!
You die...
Your body crumbles into a pile of gold.

.,,...# ###********** *,,**##.
#**#..# #..,,,,,,,,,*###,,,,*#§ #
#..# #.#********,,,...*,,,#§ #
#..#####.# *****#.#***#8 #
#.....##.# #..#* ## #####.##.##.#
##### *#..####
......##.##.###...# *#.....
########.....<#...###########.###
# #..).....@O............# #
#............#.###.###.# #
##...........#,* *,###.# #
#.....#....##,* *,#...# * #
###.###...[#*,* *,#.#.# * #
*#.#.*##.#.#*,* *,#.#.# * *****
*#.#*#.*#.#.#*,* *,#.#.#** ,,,,*
**"#* **,#...#*,***,#.#.#,, ***,*
*,** **,,,,,,,,,,,#<#.#,,


You could see an ogre.

Vanquished Creatures
  A hungry ghost (D:5)
  A sky beast (D:5)
  3 ogres
  A bullfrog (D:7)
  2 scorpions
  A wyvern skeleton (D:6)
  A hound (D:4)
  2 orc priests
  4 worker ants
  An iguana (D:4)
  3 orc wizards
  2 worker ant zombies (D:7)
  8 adders
  2 river rats (D:4)
  A worm (D:4)
  3 dart slugs
  5 leopard geckos
  10 orcs
  A ball python (D:1)
  8 bats
  7 giant cockroaches
  2 goblins
  4 hobgoblins
  6 jackals
  7 kobolds
  A quokka (D:5)
  2 frilled lizards
  A jackal skeleton (D:4)
  A quokka skeleton (D:5)
  7 rats
98 creatures vanquished.

Notes
Turn   | Place    | Note
-------+----------+-------------------------------------------
     0 | D:1      | inc the Octopode Ice Elementalist began the quest for the Orb.
     0 | D:1      | Reached XP level 1. HP: 11/11 MP: 3/3
   324 | D:1      | Reached XP level 2. HP: 17/17 MP: 0/5
   932 | D:1      | Reached XP level 3. HP: 15/21 MP: 7/7
  1722 | D:2      | Found a sacrificial altar of Ru.
  1819 | D:2      | Found an iron altar of Okawaru.
  2222 | D:4      | Reached XP level 4. HP: 19/27 MP: 3/10
  2736 | D:4      | Reached XP level 5. HP: 20/31 MP: 7/11
  2772 | D:4      | Noticed AdmiralAndromeda's ghost (novice BaCj)
  2852 | D:5      | Entered Level 5 of the Dungeon
  2852 | D:5      | Noticed a hungry ghost
  2888 | D:5      | Found a burning altar of Makhleb.
  3421 | D:3      | Reached XP level 6. HP: 31/36 MP: 9/12
  3482 | D:3      | Reached skill level 5 in Ice Magic
  4271 | D:3      | Found a snail-covered altar of Cheibriados.
  4386 | D:4      | Learned a level 4 spell: Throw Icicle
  4390 | D:4      | Learned a level 3 spell: Ozocubu's Armour
  4395 | D:4      | Learned a level 4 spell: Summon Ice Beast
  4749 | D:4      | Reached XP level 7. HP: 41/41 MP: 11/13
  5348 | D:6      | Found a radiant altar of Vehumet.
  5361 | D:7      | Reached skill level 5 in Spellcasting
  5505 | D:6      | Found a bloodstained altar of Trog.
  5919 | D:7      | Found a hazy altar of Hepliaklqana.
  5919 | D:7      | Found a shimmering altar of Xom.
  5920 | D:7      | Found a deep blue altar of Sif Muna.
  6276 | D:6      | Found Relomp's Food Shoppe.
  6352 | D:6      | Reached skill level 1 in Shields
  6614 | D:5      | Killed a hungry ghost
  6614 | D:5      | Reached XP level 8. HP: 26/46 MP: 4/17
  7137 | D:5      | Found a staircase to the Ecumenical Temple.
  7146 | Temple   | Entered the Ecumenical Temple
  7167 | Temple   | Became a worshipper of Gozag Ym Sagoz the Greedy
  7808 | D:7      | Slain by an ogre

Skill      XL: |  1  2  3  4  5  6  7  8 |
---------------+-------------------------+-----
Spellcasting   | 3 4 6 |  6.6
Ice Magic      | 4 6 |  6.1
Shields        | 2 4 |  4.0
Dodging        | |  2.0
Stealth        | |  2.6
Conjurations   | |  1.0

Action                   |  1- 3 |  4- 6 |  7- 9 || total
-------------------------+-------+-------+-------++-------
Melee: Unarmed           |     4 |       |       ||     4
       Constrict         |     8 |    12 |     7 ||    27
       Mace              |    24 |    10 |       ||    34
       Tentacles         |     1 |     4 |     6 ||    11
       Flail             |       |    23 |    56 ||    79
 Cast: Freeze            |    39 |    61 |    51 ||   151
       Throw Icicle      |       |     2 |     6 ||     8
       Ozocubu's Armour  |       |     1 |     5 ||     6
  Use: Scroll            |       |     6 |     5 ||    11
       Potion            |       |     1 |     2 ||     3
 Stab: Sleeping          |     5 |     2 |     7 ||    14
  Eat: Ration            |     1 |     1 |     6 ||     8
       Chunk             |       |     6 |     5 ||    11
Armor: Skin              |    16 |     1 |    23 ||    40
Dodge: Dodged            |    61 |    64 |    42 ||   167
Block: Buckler           |       |       |     9 ||     9
